 Dungeon Crawl Stone Soup version 0.31-a0-702-gf82c85558f (webtiles) character file.

Game seed: 5028827941704029234

46 qw the Shooter (level 3, 0/22 HPs)
             Began as a Gargoyle Hunter on Sept 8, 2023.
             Killed from afar by Sigmund (3 damage)
             ... with a magic dart
             ... on level 1 of the Dungeon.
             The game lasted 00:00:29 (1138 turns).

qw the Shooter (Gargoyle Hunter)                    Turns: 1138, Time: 00:00:30

Health: 0/22       AC:  8    Str: 14    XL:     3   Next: 68%
Magic:  3/3        EV: 10    Int:  9    God:
Gold:   68         SH:  0    Dex: 15    Spells: 2/2 levels left

rFire   . . .        Y - +0 shortbow
rCold   . . .        (shield currently unavailable)
rNeg    + . .        g - +0 ring mail
rPois   inf          (no helmet)
rElec   +            (no cloak)
rCorr   .            (no gloves)
SInv    .            (no boots)
Will    .....        (no amulet)
Stlth   +            (no ring)
HPRegen 0.23/turn    (no ring)
MPRegen 0.08/turn

%: no passive effects
@: no status effects
A: sickness immunity, AC +3, negative energy resistance 1, electricity
resistance, torment resistance 1, petrification resistance
a: no special abilities


You were on level 1 of the Dungeon.
You visited 1 branch of the dungeon, and saw 2 of its levels.

You collected 68 gold pieces.


Innate Abilities, Weirdness & Mutations

You are immune to sickness and miasma.
Your stone body is resilient. (AC +3)
You are immune to poison.
You resist negative energy. (rN+)
You are resistant to electric shocks. (rElec)
You are resistant to unholy torment.
You are immune to petrification.


   Skills:
 + Level 2.4 Fighting
 - Level 5.0 Ranged Weapons
 - Level 1.1 Armour
 - Level 1.5 Dodging
 - Level 1.1 Stealth


You had 2 spell levels left.
You didn't know any spells.
Your spell library was empty.

Inventory:

Hand Weapons
 Y - a +0 shortbow (weapon)
Armour
 d - the +5 robe of Misfortune {Harm *Corrode *Slow EV+5}
   (You found it on level 2 of the Dungeon)

   EV+5:      It affects your evasion (+5).
   *Corrode:  It may corrode you when you take damage.
   *Slow:     It may slow you when you take damage.
   Harm:      It increases damage dealt and taken.
 g - a +0 ring mail (worn)
Jewellery
 c - a ring of ice
Scrolls
 f - a scroll of identify
Potions
 e - a potion of brilliance {unknown}
 h - a potion of mutation {unknown}

Dungeon Overview and Level Annotations

Branches:
Dungeon (2/15)

Altars:
Ashenzari

Annotations:
D:1 Sigmund


Message History

You feel less confused.
You start resting.
HP restored.
Done exploring.
What level of the Dungeon? (default 2, ? - help)
You climb downwards.
Level annotation: Sigmund Sigmund hits you with a +0 scythe of freezing.
Sigmund freezes you.
There is a stone staircase leading up here.
1131 ||| STAIRDANCE You climb upwards.
There is a stone staircase leading down here.
Things that are here:
a scroll of amnesia; a +0 club You shoot an arrow.
The arrow hits Sigmund!
Sigmund is heavily wounded.
Sigmund casts a spell at you. The puff of flame hits you.
You shoot an arrow. The arrow hits Sigmund.
Sigmund is heavily wounded.
Sigmund hits you with a +0 scythe of freezing.
Sigmund freezes you.
You shoot an arrow. The arrow hits Sigmund.
Sigmund is severely wounded.
Sigmund gestures at you while chanting.
The magic dart hits you but does no damage.
You shoot an arrow. The arrow hits Sigmund.
Sigmund is almost dead.
Sigmund hits you with a +0 scythe of freezing!
Sigmund freezes you.
You shoot an arrow. The arrow barely misses Sigmund.
Sigmund flickers, as though insubstantial.
Sigmund gestures at you while chanting.
The magic dart hits you but does no damage.
You shoot an arrow. The arrow closely misses Sigmund.
Sigmund gestures at you while chanting. The magic dart hits you.
You die...
Sigmund begins carving another notch in his scythe.

##.....#...# #......#.###.......
...........# ##.#...#.# ##......
######..##.# #.......# #......
#:.##.# ###.).### ###..#. ###
#..##.### #...# ##.## ..#
#.......#####...###### #.##
..####).##.#..............## #.##
................@..........# #.#.
.%#####.#..#....@[.........# ####
..........##.###.#...#.#######8.8
##.####...##.# #.#...#.# #.....
##.####......# #.#...#.# #.....
..........#### #.#...#.# #...8.
##.#####.#######.#...#.#####.....
##.......##.........%......'.....
###########.####..#.##..#..#.....
#.####........#.##...8.


You could see Sigmund.

Vanquished Creatures
  An adder (D:2)
  A dart slug (D:1)
  A ball python (D:2)
  4 bats (D:1)
  3 endoplasms
  2 giant cockroaches (D:1)
  2 goblins (D:1)
  5 hobgoblins
  3 jackals (D:1)
  2 kobolds
  A quokka (D:2)
  2 frilled lizards (D:1)
  3 rats
30 creatures vanquished.

Notes
Turn   | Place    | Note
-------+----------+-------------------------------------------
     0 | D:1      | qw the Gargoyle Hunter began the quest for the Orb.
     0 | D:1      | Reached XP level 1. HP: 12/12 MP: 1/1
     0 | D:1      | 0 ||| qw: Version: 0.3-a-76-g4403597
     0 | D:1      | 0 ||| qw: Game counter: 955
     0 | D:1      | 0 ||| qw: Melee chars always use a shield: true
     0 | D:1      | 0 ||| qw: God list: Okawaru
     0 | D:1      | 0 ||| qw: Allow faded altars: false
     0 | D:1      | 0 ||| qw: Do Orc after clearing Dungeon:15 true
     0 | D:1      | 0 ||| qw: Do second Lair branch before Depths: true
     0 | D:1      | 0 ||| qw: Lair rune preference: random
     0 | D:1      | 0 ||| qw: Goals: Normal
     0 | D:1      | 0 ||| PLANNING D:1-11
   124 | D:1      | Reached XP level 2. HP: 17/17 MP: 2/2
   407 | D:1      | Reached XP level 3. HP: 21/21 MP: 3/3
   595 | D:1      | 595 ||| UPGRADING to +0 ring mail.
   605 | D:1      | 605 ||| DROPPING +0 leather armour.
   606 | D:1      | 606 ||| READING scroll labelled KUT ETHROUVUH.
   707 | D:1      | 707 ||| READING 2 scrolls labelled NARAVVARCHI.
   708 | D:1      | 708 ||| DROPPING scroll of butterflies.
   805 | D:2      | Reached skill level 1 in Armour
   817 | D:2      | Reached skill level 5 in Ranged Weapons
   897 | D:2      | Found a broken altar of Ashenzari.
   963 | D:2      | Found the +5 robe of Misfortune {Harm *Corrode *Slow EV+5}
  1001 | D:2      | Noticed Sigmund
  1013 | D:2      | 1013 ||| FLEEEEING.
  1014 | D:2      | 1014 ||| FLEEEEING.
  1019 | D:2      | 1019 ||| FLEEEEING.
  1020 | D:2      | 1020 ||| FLEEEEING.
  1021 | D:2      | HP: 3/22 [something/puff of flame (11)]
  1026 | D:2      | 1026 ||| STAIRDANCE
  1104 | D:1      | 1104 ||| READING scroll labelled MUC CUEJAAWN.
  1105 | D:1      | 1105 ||| READING 2 scrolls labelled XAIBOS GIAVAH.
  1106 | D:1      | 1106 ||| DROPPING scroll of amnesia.
  1111 | D:2      | 1111 ||| STAIRDANCE
  1113 | D:2      | 1113 ||| STAIRDANCE
  1131 | D:2      | 1131 ||| STAIRDANCE
  1136 | D:1      | HP: 4/22 [Sigmund/+0 scythe of freezing (8)]
  1138 | D:1      | Killed from afar by Sigmund

Levels and vault maps discovered:
D:1:      mrwooster_arrival_statue_3, layout_loops_cross
D:2:      layout_basic, shapermc_ecumenical_altar_acropolis, basic_altar,
          uniq_sigmund, uniq_robin

Skill      XL: |  1  2  3 |
---------------+----------+-----
Armour         | 1 |  1.1
Ranged Weapons | 5 |  5.0
Fighting       | |  2.4
Dodging        | |  1.5
Stealth        | |  1.1

Action                     || total
---------------------------++-------
   Fire: Shortbow          ||   102
    Use: Scroll            ||     4
 Armour: Leather armour    ||    21
         Ring mail         ||    19
  Dodge: Dodged            ||    25

Table legend:
 A = Non-vault XP
 B = Vault XP
 C = Vault XP percentage of total XP
 D = Non-vault monster count
 E = Vault monster count
 F = Vault count percentage of total count
                 A         B        C        D         E       F
            +---------+---------+-------+---------+---------+-------
      Total |      67 |       0 |   0.0 |      30 |       0 |   0.0
            +---------+---------+-------+---------+---------+-------
        D:1 |      37 |       0 |   0.0 |      20 |       0 |   0.0
        D:2 |      30 |       0 |   0.0 |      10 |       0 |   0.0
            +---------+---------+-------+---------+---------+-------
